PBL
TEXAS RANGERS @ BALTIMORE ORIOLES
09/03/2070
 
TOP OF THE 1ST
Texas Rangers batting - Pitching for Baltimore Orioles : LHP Seishiro Ishikawa
Pitching: LHP Seishiro Ishikawa
Batting: LHB Ken'ichi Matsuura 0-0: Ball
1-0: Ball
2-0: Called Strike
2-1: Ball
3-1: Ground out 6-3 (Groundball, 6S, EV 75.6 MPH)
Batting: RHB José Acosta 0-0: Swinging Strike
0-1: Ball
1-1: Swinging Strike
1-2: Strikes out swinging
Batting: LHB Noburo Oike 0-0: Ball
1-0: Foul Ball, location: 9LMF
1-1: Foul Ball, location: 2F
1-2: Foul Ball, location: 3F
1-2: Ball
2-2: Ball
3-2: Foul Ball, location: 25FF
3-2: Fly out, F8 (Flyball, 78XD, EV 103.8 MPH)
Top of the 1st over - 0 runs, 0 hits, 0 errors, 0 left on base; Texas 0 - Baltimore 0
BOTTOM OF THE 1ST
Baltimore Orioles batting - Pitching for Texas Rangers : LHP Joe Wheeler
Pitching: LHP Joe Wheeler
Batting: RHB Calvin Pucetas 0-0: Ball
1-0: Foul Ball, location: 2F
1-1: Ball
2-1: Ball
3-1: Ground out U3 (Groundball, 3, EV 108.1 MPH)
Batting: RHB Mike Lansfor 0-0: Foul Ball, location: 5SF
0-1: Ground out 5-3 (Groundball, 56, EV 101.3 MPH)
Batting: RHB Manny Rivera 0-0: Ball
1-0: Ground out 6-3 (Groundball, 6, EV 108.8 MPH)
Bottom of the 1st over - 0 runs, 0 hits, 0 errors, 0 left on base; Texas 0 - Baltimore 0
TOP OF THE 2ND
Texas Rangers batting - Pitching for Baltimore Orioles : LHP Seishiro Ishikawa
Batting: SHB Cary Mench 0-0: Ball
1-0: Fly out, F4 (Popup, 4D, EV 50.0 MPH)
Batting: SHB Jack Torres 0-0: Foul Ball, location: 2F
0-1: Fly out, F9 (Flyball, 89M, EV 88.1 MPH)
Batting: RHB Anadhrishya Venktesh 0-0: Ball
1-0: Ball
2-0: Ball
3-0: Base on Balls
Batting: RHB Richard Kinney 0-0: Ball
1-0: Fly out, F7 (Flyball, 7LM, EV 85.0 MPH)
Top of the 2nd over - 0 runs, 0 hits, 0 errors, 1 left on base; Texas 0 - Baltimore 0
BOTTOM OF THE 2ND
Baltimore Orioles batting - Pitching for Texas Rangers : LHP Joe Wheeler
Batting: RHB Jaromir Koudelka 0-0: Ball
1-0: Ball
2-0: Foul Ball, location: 2F
2-1: Swinging Strike
2-2: Strikes out looking
Batting: RHB Gus Gonzáles 0-0: Foul Ball, location: 25F
0-1: Ball
1-1: Called Strike
1-2: Strikes out looking
Batting: SHB Curt Powell 0-0: Called Strike
0-1: Ground out U3 (Groundball, 34S, EV 67.5 MPH)
Bottom of the 2nd over - 0 runs, 0 hits, 0 errors, 0 left on base; Texas 0 - Baltimore 0
TOP OF THE 3RD
Texas Rangers batting - Pitching for Baltimore Orioles : LHP Seishiro Ishikawa
Batting: RHB Gerald Weaver 0-0: Foul Ball, location: 23F
0-1: Fly out, F3 (Line Drive, 3L, EV 75.0 MPH)
Batting: LHB Claudio Valenzuela 0-0: Ball
1-0: Ball
2-0: Called Strike
2-1: Swinging Strike
2-2: Strikes out swinging
Batting: LHB Ken'ichi Matsuura 0-0: Called Strike
0-1: Swinging Strike
0-2: Foul Ball, location: 2F
0-2: Ball
1-2: SINGLE (Line Drive, 78S, EV 93.1 MPH)
Batting: RHB José Acosta 0-0: Foul Ball, location: 9LSF
0-1: Foul Ball, location: 9LSF
0-2: Ball
1-2: Foul Ball, location: 9LMF
1-2: Foul Ball, location: 2F
1-2: Ball
2-2: Ball
3-2: Fly out, F9 (Flyball, 9LS, EV 85.6 MPH)
Top of the 3rd over - 0 runs, 1 hit, 0 errors, 1 left on base; Texas 0 - Baltimore 0
BOTTOM OF THE 3RD
Baltimore Orioles batting - Pitching for Texas Rangers : LHP Joe Wheeler
Batting: RHB Kent Cox 0-0: Bunt missed!
0-1: Fly out, F8 (Flyball, 89M, EV 95.6 MPH)
Batting: RHB Kelvin White 0-0: Swinging Strike
0-1: Ball
1-1: Called Strike
1-2: SINGLE (Groundball, 56D, EV 105.0 MPH)
Batting: LHB Phil Bastien 0-0: Grounds into double play, 4-6-3 (Groundball, 4, EV 89.4 MPH)
Bottom of the 3rd over - 0 runs, 1 hit, 0 errors, 0 left on base; Texas 0 - Baltimore 0
TOP OF THE 4TH
Texas Rangers batting - Pitching for Baltimore Orioles : LHP Seishiro Ishikawa
Batting: LHB Noburo Oike 0-0: Ball
1-0: Called Strike
1-1: Ball
2-1: Swinging Strike
2-2: Strikes out looking
Batting: SHB Cary Mench 0-0: Called Strike
0-1: Called Strike
0-2: Strikes out swinging
Batting: SHB Jack Torres 0-0: Foul Ball, location: 5FF
0-1: Foul Ball, location: 2F
0-2: Ball
1-2: Fly out, F8 (Line Drive, 8LM, EV 102.5 MPH)
Top of the 4th over - 0 runs, 0 hits, 0 errors, 0 left on base; Texas 0 - Baltimore 0
BOTTOM OF THE 4TH
Baltimore Orioles batting - Pitching for Texas Rangers : LHP Joe Wheeler
Batting: RHB Calvin Pucetas 0-0: Swinging Strike
0-1: Ball
1-1: Ball
2-1: Called Strike
2-2: Foul Ball, location: 2F
2-2: Strikes out swinging
Batting: RHB Mike Lansfor 0-0: Called Strike
0-1: Foul Ball, location: 5F
0-2: Strikes out swinging
Batting: RHB Manny Rivera 0-0: Called Strike
0-1: Called Strike
0-2: Foul Ball, location: 2F
0-2: Foul Ball, location: 9LMF
0-2: Ball
1-2: Ball
2-2: Foul Ball, location: 25F
2-2: SOLO HOME RUN (Flyball, 7D, EV 97.5 MPH), Distance : 359 ft
Batting: RHB Jaromir Koudelka 0-0: Called Strike
0-1: Called Strike
0-2: Strikes out swinging
Bottom of the 4th over - 1 run, 1 hit, 0 errors, 0 left on base; Texas 0 - Baltimore 1
TOP OF THE 5TH
Texas Rangers batting - Pitching for Baltimore Orioles : LHP Seishiro Ishikawa
Batting: RHB Anadhrishya Venktesh 0-0: Swinging Strike
0-1: Fly out, F9 (Line Drive, 89S, EV 90.6 MPH)
Batting: RHB Richard Kinney 0-0: Ball
1-0: Fly out, F8 (Flyball, 8RXD, EV 97.5 MPH)
Batting: RHB Gerald Weaver 0-0: Ball
1-0: DOUBLE (Flyball, 89D, EV 102.5 MPH)
Batting: LHB Claudio Valenzuela 0-0: Ball
1-0: Ball
2-0: SINGLE (Groundball, 25, EV 66.9 MPH) (infield hit)
Gerald Weaver to third
Batting: LHB Ken'ichi Matsuura 0-0: Ball
1-0: Swinging Strike
1-1: Swinging Strike
1-2: Strikes out swinging
Top of the 5th over - 0 runs, 2 hits, 0 errors, 2 left on base; Texas 0 - Baltimore 1
BOTTOM OF THE 5TH
Baltimore Orioles batting - Pitching for Texas Rangers : LHP Joe Wheeler
Batting: RHB Gus Gonzáles 0-0: Foul Ball, location: 5SF
0-1: Called Strike
0-2: Foul Ball, location: 2F
0-2: Foul Ball, location: 2F
0-2: Strikes out swinging
Batting: SHB Curt Powell 0-0: Called Strike
0-1: Foul Ball, location: 5F
0-2: Fly out, F7 (Line Drive, 78M, EV 101.9 MPH)
Batting: RHB Kent Cox 0-0: Ground out 4-3 (Groundball, 4, EV 108.8 MPH)
Bottom of the 5th over - 0 runs, 0 hits, 0 errors, 0 left on base; Texas 0 - Baltimore 1
TOP OF THE 6TH
Texas Rangers batting - Pitching for Baltimore Orioles : LHP Seishiro Ishikawa
Batting: RHB José Acosta 0-0: Called Strike
0-1: Foul Ball, location: 2F
0-2: Ball
1-2: Ground out 5-3 (Groundball, 15, EV 88.8 MPH)
Batting: LHB Noburo Oike 0-0: Called Strike
0-1: Foul Ball, location: 25F
0-2: Ball
1-2: Foul Ball, location: 5SF
1-2: Foul Ball, location: 7LSF
1-2: Ball
2-2: Strikes out swinging
Batting: SHB Cary Mench 0-0: Ball
1-0: Called Strike
1-1: Swinging Strike
1-2: Strikes out looking
Top of the 6th over - 0 runs, 0 hits, 0 errors, 0 left on base; Texas 0 - Baltimore 1
BOTTOM OF THE 6TH
Baltimore Orioles batting - Pitching for Texas Rangers : LHP Joe Wheeler
Batting: RHB Kelvin White 0-0: Swinging Strike
0-1: Foul Ball, location: 25F
0-2: Ball
1-2: Strikes out looking
Batting: LHB Phil Bastien 0-0: SINGLE (Flyball, 5D, EV 88.8 MPH)
Batting: RHB Calvin Pucetas 0-0: Foul Ball, location: 3F
0-1: Ball
Phil Bastien is caught stealing 2nd base 2-4
1-1: Foul Ball, location: 9LSF
1-2: Ball
2-2: Foul Ball, location: 9LMF
2-2: Ball
3-2: Ground out 5-3 (Groundball, 5S, EV 83.1 MPH)
Bottom of the 6th over - 0 runs, 1 hit, 0 errors, 0 left on base; Texas 0 - Baltimore 1
TOP OF THE 7TH
Texas Rangers batting - Pitching for Baltimore Orioles : LHP Seishiro Ishikawa
Pitching: LHP Matt Burford
Batting: SHB Jack Torres 0-0: Ball
1-0: Foul Ball, location: 9LDF
1-1: Ball
2-1: Foul Ball, location: 9LMF
2-2: Ground out 6-3 (Groundball, 6, EV 106.9 MPH)
Batting: RHB Anadhrishya Venktesh 0-0: Called Strike
0-1: Ball
1-1: Ball
2-1: Foul Ball, location: 2F
2-2: Ball
3-2: Base on Balls
Batting: RHB Richard Kinney 0-0: Ball
1-0: Ball
2-0: Ball
3-0: Called Strike
3-1: Base on Balls
Anadhrishya Venktesh to second
Batting: RHB Gerald Weaver 0-0: Ball
1-0: DOUBLE (Flyball, 8RXD, EV 90.6 MPH)
Anadhrishya Venktesh scores
Richard Kinney to third
Runner from 3rd tries for Home, SAFE, no throw by CF
Batting: LHB Claudio Valenzuela 0-0: Ground out 4-3 (Groundball, 4, EV 105.6 MPH)
Gerald Weaver to third
Batting: LHB Ken'ichi Matsuura 0-0: Ball
1-0: Ball
2-0: Ball
3-0: Called Strike
3-1: Foul Ball, location: 3F
3-2: Strikes out swinging
Top of the 7th over - 2 runs, 1 hit, 0 errors, 1 left on base; Texas 2 - Baltimore 1
BOTTOM OF THE 7TH
Baltimore Orioles batting - Pitching for Texas Rangers : LHP Joe Wheeler
Batting: RHB Mike Lansfor 0-0: Ball
1-0: Foul Ball, location: 5SF
1-1: Foul Ball, location: 2F
1-2: Strikes out swinging
Batting: RHB Manny Rivera 0-0: Fly out, F7 (Flyball, 78D, EV 103.8 MPH)
Batting: RHB Jaromir Koudelka 0-0: Called Strike
0-1: Ball
1-1: Ball
2-1: Swinging Strike
2-2: Ball
3-2: Base on Balls
Pitching: RHP Rex Frazier
Batting: RHB Gus Gonzáles
Pinch Hitting: LHB Roberto Snyder 0-0: Ball
1-0: Ground out 6-3 (Groundball, 6M, EV 88.8 MPH)
Bottom of the 7th over - 0 runs, 0 hits, 0 errors, 1 left on base; Texas 2 - Baltimore 1
TOP OF THE 8TH
Texas Rangers batting - Pitching for Baltimore Orioles : LHP Matt Burford
Pitching: RHP António Moreno
Now in CF: Jeff Cox
Batting: RHB José Acosta 0-0: Ball
1-0: Ball
2-0: SINGLE (Line Drive, 3D, EV 101.9 MPH)
Batting: LHB Noburo Oike 0-0: Foul Ball, location: 7LSF
0-1: Fly out, F8 (Flyball, 8LM, EV 86.9 MPH)
Batting: SHB Cary Mench 0-0: Called Strike
0-1: Foul Ball, location: 5DF
0-2: Strikes out swinging
Batting: SHB Jack Torres 0-0: Ball
1-0: Fly out, F8 (Flyball, 8LM, EV 80.0 MPH)
Top of the 8th over - 0 runs, 1 hit, 0 errors, 1 left on base; Texas 2 - Baltimore 1
BOTTOM OF THE 8TH
Baltimore Orioles batting - Pitching for Texas Rangers : RHP Rex Frazier
Batting: SHB Curt Powell 0-0: Called Strike
0-1: Ball
1-1: Ball
2-1: Foul Ball, location: 2F
2-2: Foul Ball, location: 7LSF
2-2: Foul Ball, location: 23F
2-2: Foul Ball, location: 2F
2-2: Strikes out swinging
Pinch Hitting: LHB Héctor Hernández 0-0: SINGLE (Groundball, 34S, EV 68.1 MPH) (infield hit)
Pinch Hitting: LHB Armando Martínez 0-0: Called Strike
0-1: Foul Ball, location: 5F
0-2: Strikes out looking
Batting: LHB Phil Bastien 0-0: Foul Ball, location: 7LSF
0-1: Called Strike
0-2: Ball
1-2: Strikes out looking
Bottom of the 8th over - 0 runs, 1 hit, 0 errors, 1 left on base; Texas 2 - Baltimore 1
TOP OF THE 9TH
Texas Rangers batting - Pitching for Baltimore Orioles : RHP António Moreno
Now at 2B: Armando Martínez
Now at SS: Eliot Bernard
Pinch Hitting: LHB Bill Smith 0-0: Ball
1-0: Foul Ball, location: 23F
1-1: Foul Ball, location: 3F
1-2: Ball
2-2: Ground out U3 (Groundball, 3S, EV 79.4 MPH)
Batting: RHB Richard Kinney 0-0: Ball
1-0: Foul Ball, location: 2F
1-1: SINGLE (Groundball, 34, EV 96.3 MPH) (infield hit)
Batting: RHB Gerald Weaver 0-0: Called Strike
0-1: Foul Ball, location: 9LSF
0-2: Ball
1-2: Strikes out swinging
Batting: LHB Claudio Valenzuela 0-0: 2-RUN HOME RUN (Flyball, 9LD, EV 98.1 MPH), Distance : 357 ft
Batting: LHB Ken'ichi Matsuura 0-0: Ball
1-0: Foul Ball, location: 9LMF
1-1: Foul Ball, location: 2F
1-2: Foul Ball, location: 5FF
1-2: Ball
2-2: Strikes out swinging
Top of the 9th over - 2 runs, 2 hits, 0 errors, 0 left on base; Texas 4 - Baltimore 1
BOTTOM OF THE 9TH
Baltimore Orioles batting - Pitching for Texas Rangers : RHP Rex Frazier
Pitching: RHP A.J Klein
Now at 3B: Todd White
Batting: RHB Calvin Pucetas 0-0: Ball
1-0: Ball
2-0: Foul Ball, location: 2F
2-1: Swinging Strike
2-2: Strikes out swinging
Batting: RHB Mike Lansfor 0-0: Foul Ball, location: 3F
0-1: Swinging Strike
0-2: Strikes out looking
Batting: RHB Manny Rivera 0-0: Called Strike
0-1: Called Strike
0-2: Ball
1-2: Ball
2-2: Ball
3-2: Strikes out swinging
Bottom of the 9th over - 0 runs, 0 hits, 0 errors, 0 left on base; Texas 4 - Baltimore 1
Wednesday, February 14th , 2024 - OOTP Baseball 24.10 Build 82